| TOP OF THE 1ST |
|
New Orleans Zephyrs batting - Pitching for Gwinnett Braves : LHP Eduardo Baez
|
|
Pitching: LHP Eduardo Baez
|
|
|
Batting: RHB Boof Howell
|
0-0: Ball 1-0: SINGLE (Line Drive, 5D, EV 100.0 MPH)
|
|
Batting: LHB Jose Bregaro
|
0-0: Called Strike 0-1: Foul Ball, location: 2F 0-2: Grounds into double play, 4-6-3 (Groundball, 4MS, EV 79.4 MPH)
|
|
Batting: RHB Torquato Obawole
|
0-0: Called Strike 0-1: Ball 1-1: Swinging Strike 1-2: Ground out 5-3 (Groundball, 56S, EV 66.2 MPH)
|
| Top of the 1st over - 0 runs, 1 hit, 0 errors, 0 left on base; New Orleans 0 - Gwinnett 0 |
| BOTTOM OF THE 1ST |
|
Gwinnett Braves batting - Pitching for New Orleans Zephyrs : RHP Pharamond Lestrange
|
|
Pitching: RHP Pharamond Lestrange
|
|
|
Batting: LHB Robby Dann
|
0-0: Ball 1-0: Ball 2-0: Ball 3-0: Called Strike 3-1: Called Strike 3-2: Base on Balls
|
|
Batting: RHB Jesse Lester
|
0-0: Called Strike 0-1: Ball Robby Dann steals 2nd base 1-1: Ball 2-1: Ball 3-1: Called Strike 3-2: Ground out 5-3 (Groundball, 56S, EV 79.4 MPH)
|
|
Batting: LHB Mark Buchholz
|
0-0: Ball 1-0: Called Strike 1-1: Called Strike Robby Dann steals 3rd base 1-2: Ball 2-2: Foul Ball, location: 2F 2-2: SINGLE (Popup, 4MD, EV 55.6 MPH) Robby Dann scores
|
|
Batting: RHB Corey Dalton
|
0-0: Called Strike 0-1: Called Strike 0-2: Ball 1-2: Grounds into double play, 4-6-3 (Groundball, 4S, EV 80.6 MPH)
|
| Bottom of the 1st over - 1 run, 1 hit, 0 errors, 0 left on base; New Orleans 0 - Gwinnett 1 |
| TOP OF THE 2ND |
|
New Orleans Zephyrs batting - Pitching for Gwinnett Braves : LHP Eduardo Baez
|
|
Batting: SHB Dan Zink
|
0-0: Foul Ball, location: 2F 0-1: SINGLE (Groundball, 56D, EV 97.5 MPH)
|
|
Batting: RHB Jim Fisher
|
0-0: Ball 1-0: Ball 2-0: Swinging Strike 2-1: Ball 3-1: Base on Balls Dan Zink to second
|
|
Batting: LHB David Doge
|
0-0: Ball 1-0: Called Strike 1-1: Foul Ball, location: 2F 1-2: Ball 2-2: Foul Ball, location: 2F 2-2: Fielders Choice at 2nd, 6-4 (Groundball, 6, EV 91.2 MPH) Dan Zink to third
|
|
Batting: RHB Ryuki Ogasawara
|
0-0: Fly out, F9 (Flyball, 9LS, EV 80.0 MPH)
|
|
Batting: LHB Carlos Mosqueda
|
0-0: Ball 1-0: Swinging Strike 1-1: Fly out, F5 (Popup, 56S, EV 70.6 MPH)
|
| Top of the 2nd over - 0 runs, 1 hit, 0 errors, 2 left on base; New Orleans 0 - Gwinnett 1 |
| BOTTOM OF THE 2ND |
|
Gwinnett Braves batting - Pitching for New Orleans Zephyrs : RHP Pharamond Lestrange
|
|
Batting: RHB Chris Sharpe
|
0-0: Ball 1-0: Ball 2-0: TRIPLE (Flyball, 78XD, EV 102.5 MPH)
|
|
Batting: RHB Jake Lang
|
0-0: Called Strike 0-1: Foul Ball, location: 2F 0-2: Ground out 5-3 (Groundball, 56S, EV 86.9 MPH) Chris Sharpe scores
|
|
Batting: RHB Riley Nasiir
|
0-0: Called Strike 0-1: Ball 1-1: Swinging Strike 1-2: Ground out 5-3 (Groundball, 56S, EV 65.6 MPH)
|
|
Batting: SHB Tim Rodgers
|
0-0: Ground out 4-3 (Groundball, 4, EV 88.8 MPH)
|
| Bottom of the 2nd over - 1 run, 1 hit, 0 errors, 0 left on base; New Orleans 0 - Gwinnett 2 |
| TOP OF THE 3RD |
|
New Orleans Zephyrs batting - Pitching for Gwinnett Braves : LHP Eduardo Baez
|
|
Batting: RHB John Jackson
|
0-0: Ball 1-0: Ball 2-0: Ground out 1-3 (Groundball, 13, EV 68.8 MPH)
|
|
Batting: RHB Boof Howell
|
0-0: Foul Ball, location: 2F 0-1: Ball 1-1: Ball 2-1: Ball 3-1: Foul Ball, location: 2F 3-2: Strikes out looking
|
|
Batting: LHB Jose Bregaro
|
0-0: Fly out, F9 (Flyball, 9S, EV 86.9 MPH)
|
| Top of the 3rd over - 0 runs, 0 hits, 0 errors, 0 left on base; New Orleans 0 - Gwinnett 2 |
| BOTTOM OF THE 3RD |
|
Gwinnett Braves batting - Pitching for New Orleans Zephyrs : RHP Pharamond Lestrange
|
|
Batting: RHB Johnny Burroughs
|
0-0: Ball 1-0: Ground out 6-3 (Groundball, 6, EV 78.8 MPH)
|
|
Batting: LHB Robby Dann
|
0-0: Called Strike 0-1: Called Strike 0-2: Foul Ball, location: 2F 0-2: Ball 1-2: Foul Ball, location: 2F 1-2: SOLO HOME RUN (Flyball, 89XD, EV 100.6 MPH), Distance : 388 ft
|
|
Batting: RHB Jesse Lester
|
0-0: Called Strike 0-1: Ball 1-1: Ball 2-1: SINGLE (Groundball, 56D, EV 94.4 MPH)
|
|
Batting: LHB Mark Buchholz
|
0-0: Swinging Strike 0-1: Ball 1-1: Ball 2-1: Ball 3-1: Foul Ball, location: 2F 3-2: Foul Ball, location: 2F 3-2: Base on Balls Jesse Lester to second
|
|
Batting: RHB Corey Dalton
|
0-0: Ball 1-0: Ball 2-0: Called Strike 2-1: Ball 3-1: Base on Balls Jesse Lester to third Mark Buchholz to second
|
|
Batting: RHB Chris Sharpe
|
0-0: Ball 1-0: Foul Ball, location: 2F 1-1: Grounds into double play, 5-4-3 (Groundball, 56S, EV 90.0 MPH)
|
| Bottom of the 3rd over - 1 run, 2 hits, 0 errors, 2 left on base; New Orleans 0 - Gwinnett 3 |
| TOP OF THE 4TH |
|
New Orleans Zephyrs batting - Pitching for Gwinnett Braves : LHP Eduardo Baez
|
|
Batting: RHB Torquato Obawole
|
0-0: Called Strike 0-1: Fly out, F7 (Flyball, 7D, EV 91.9 MPH)
|
|
Batting: SHB Dan Zink
|
0-0: Foul Ball, location: 2F 0-1: Ground out 5-3 (Groundball, 5L, EV 89.4 MPH)
|
|
Batting: RHB Jim Fisher
|
0-0: Ball 1-0: Ball 2-0: Called Strike 2-1: Foul Ball, location: 2F 2-2: Fly out, F4 (Line Drive, 4M, EV 73.1 MPH)
|
| Top of the 4th over - 0 runs, 0 hits, 0 errors, 0 left on base; New Orleans 0 - Gwinnett 3 |
| BOTTOM OF THE 4TH |
|
Gwinnett Braves batting - Pitching for New Orleans Zephyrs : RHP Pharamond Lestrange
|
|
Batting: RHB Jake Lang
|
0-0: Ball 1-0: Fly out, F8 (Flyball, 8LM, EV 91.2 MPH)
|
|
Batting: RHB Riley Nasiir
|
0-0: Swinging Strike 0-1: Foul Ball, location: 2F 0-2: Ball 1-2: Ball 2-2: Ball 3-2: SINGLE (Flyball, 3D, EV 98.8 MPH)
|
|
Batting: SHB Tim Rodgers
|
0-0: Fly out, F9 (Flyball, 9, EV 83.8 MPH)
|
|
Batting: RHB Johnny Burroughs
|
0-0: Called Strike 0-1: Called Strike 0-2: Strikes out swinging
|
| Bottom of the 4th over - 0 runs, 1 hit, 0 errors, 1 left on base; New Orleans 0 - Gwinnett 3 |
| TOP OF THE 5TH |
|
New Orleans Zephyrs batting - Pitching for Gwinnett Braves : LHP Eduardo Baez
|
|
Batting: LHB David Doge
|
0-0: Called Strike 0-1: Ball 1-1: Ball 2-1: Ball 3-1: Called Strike 3-2: Base on Balls
|
|
Batting: RHB Ryuki Ogasawara
|
0-0: Ball 1-0: Ball 2-0: Called Strike 2-1: Grounds into double play, 6-4-3 (Groundball, 56, EV 90.0 MPH)
|
|
Batting: LHB Carlos Mosqueda
|
0-0: Ground out 4-3 (Groundball, 4, EV 85.0 MPH)
|
| Top of the 5th over - 0 runs, 0 hits, 0 errors, 0 left on base; New Orleans 0 - Gwinnett 3 |
| BOTTOM OF THE 5TH |
|
Gwinnett Braves batting - Pitching for New Orleans Zephyrs : RHP Pharamond Lestrange
|
|
Batting: LHB Robby Dann
|
0-0: Ball 1-0: Foul Ball, location: 2F 1-1: SOLO HOME RUN (Flyball, 89XD, EV 100.0 MPH), Distance : 403 ft
|
|
Batting: RHB Jesse Lester
|
0-0: Ball 1-0: Ball 2-0: Called Strike 2-1: Ground out 4-3 (Groundball, 4, EV 90.6 MPH)
|
|
Batting: LHB Mark Buchholz
|
0-0: Foul Ball, location: 2F 0-1: Ball 1-1: Fly out, F1 (Line Drive, P, EV 63.8 MPH)
|
|
Batting: RHB Corey Dalton
|
0-0: DOUBLE (Flyball, 78XD, EV 113.1 MPH)
|
|
Batting: RHB Chris Sharpe
|
0-0: Called Strike 0-1: Ball 1-1: Ball 2-1: Ball 3-1: SINGLE (Line Drive, 89S, EV 103.8 MPH) Corey Dalton to third
|
|
Batting: RHB Jake Lang
|
0-0: Foul Ball, location: 2F 0-1: Swinging Strike 0-2: Ball 1-2: Foul Ball, location: 2F 1-2: Fielders Choice at 2nd, 6-4 (Groundball, 6, EV 108.8 MPH)
|
| Bottom of the 5th over - 1 run, 3 hits, 0 errors, 2 left on base; New Orleans 0 - Gwinnett 4 |
| TOP OF THE 6TH |
|
New Orleans Zephyrs batting - Pitching for Gwinnett Braves : LHP Eduardo Baez
|
|
Batting: RHB John Jackson
|
0-0: Ground out 4-3 (Groundball, 34, EV 103.1 MPH)
|
|
Batting: RHB Boof Howell
|
0-0: Foul Ball, location: 2F 0-1: Fly out, F8 (Flyball, 8LS, EV 90.0 MPH)
|
|
Batting: LHB Jose Bregaro
|
0-0: SINGLE (Line Drive, 78S, EV 92.5 MPH)
|
|
Batting: RHB Torquato Obawole
|
0-0: Ball 1-0: Ball 2-0: Called Strike 2-1: Ball 3-1: Base on Balls Jose Bregaro to second
|
|
Batting: SHB Dan Zink
|
0-0: Ball 1-0: Ball 2-0: Foul Ball, location: 2F 2-1: Ball 3-1: Called Strike 3-2: Strikes out swinging
|
| Top of the 6th over - 0 runs, 1 hit, 0 errors, 2 left on base; New Orleans 0 - Gwinnett 4 |
| BOTTOM OF THE 6TH |
|
Gwinnett Braves batting - Pitching for New Orleans Zephyrs : RHP Pharamond Lestrange
|
|
Batting: RHB Riley Nasiir
|
0-0: Foul Ball, location: 2F 0-1: Ball 1-1: Ball 2-1: Called Strike 2-2: SINGLE (Line Drive, 56, EV 95.6 MPH)
|
|
Pitching: RHP Giampaolo Nobile
|
|
|
Batting: SHB Tim Rodgers
|
0-0: Called Strike Riley Nasiir steals 2nd base 0-1: Ground out 6-3 (Groundball, 4M, EV 99.4 MPH) Riley Nasiir to third
|
|
Batting: RHB Johnny Burroughs
|
0-0: Foul Ball, location: 2F 0-1: Ball 1-1: Called Strike 1-2: Ball 2-2: Ball 3-2: Foul Ball, location: 2F 3-2: 2-RUN HOME RUN (Flyball, 7D, EV 98.8 MPH), Distance : 383 ft
|
|
Batting: LHB Robby Dann
|
0-0: Ball 1-0: Foul Ball, location: 2F 1-1: Swinging Strike 1-2: Strikes out swinging
|
|
Batting: RHB Jesse Lester
|
0-0: Ball 1-0: Foul Ball, location: 2F 1-1: Foul Ball, location: 2F 1-2: Ground out 5-3 (Groundball, 56, EV 92.5 MPH)
|
| Bottom of the 6th over - 2 runs, 2 hits, 0 errors, 0 left on base; New Orleans 0 - Gwinnett 6 |
| TOP OF THE 7TH |
|
New Orleans Zephyrs batting - Pitching for Gwinnett Braves : LHP Eduardo Baez
|
|
Batting: RHB Jim Fisher
|
0-0: Ball 1-0: Called Strike 1-1: Foul Ball, location: 2F 1-2: Ball 2-2: Foul Ball, location: 2F 2-2: Foul Ball, location: 2F 2-2: Foul Ball, location: 2F 2-2: Ball 3-2: Ground out 4-3 (Groundball, 4, EV 77.5 MPH)
|
|
Batting: LHB David Doge
|
0-0: Ball 1-0: Ground out U3 (Groundball, 34S, EV 81.2 MPH)
|
|
Batting: RHB Ryuki Ogasawara
|
0-0: Ball 1-0: Ball 2-0: Foul Ball, location: 2F 2-1: Ball 3-1: Base on Balls
|
|
Batting: LHB Carlos Mosqueda
|
0-0: Called Strike Ryuki Ogasawara steals 2nd base 0-1: Foul Ball, location: 2F 0-2: Ball 1-2: 2-RUN HOME RUN (Flyball, 89XD, EV 100.0 MPH), Distance : 397 ft
|
|
Batting: RHB John Jackson
|
0-0: Ground out 4-3 (Groundball, 4, EV 85.0 MPH)
|
| Top of the 7th over - 2 runs, 1 hit, 0 errors, 0 left on base; New Orleans 2 - Gwinnett 6 |
| BOTTOM OF THE 7TH |
|
Gwinnett Braves batting - Pitching for New Orleans Zephyrs : RHP Giampaolo Nobile
|
|
Pitching: LHP Dan Tapley
|
|
|
Batting: LHB Mark Buchholz
|
0-0: Called Strike 0-1: Ball 1-1: Ball 2-1: Foul Ball, location: 2F 2-2: Ball 3-2: Base on Balls
|
|
Batting: RHB Corey Dalton
|
0-0: Swinging Strike 0-1: Ball 1-1: Ball 2-1: Ball 3-1: Base on Balls Mark Buchholz to second
|
|
Batting: RHB Chris Sharpe
|
0-0: Called Strike 0-1: Swinging Strike 0-2: Ball 1-2: Foul Ball, location: 2F 1-2: Ball 2-2: Strikes out swinging
|
|
Batting: RHB Jake Lang
|
0-0: Ball 1-0: Foul Ball, location: 2F 1-1: Foul Ball, location: 2F 1-2: Strikes out swinging
|
|
Batting: RHB Riley Nasiir
|
0-0: Ball 1-0: Ball 2-0: Ball 3-0: Called Strike 3-1: Swinging Strike 3-2: Foul Ball, location: 2F 3-2: Fly out, F7 (Flyball, 78M, EV 85.0 MPH)
|
| Bottom of the 7th over - 0 runs, 0 hits, 0 errors, 2 left on base; New Orleans 2 - Gwinnett 6 |
| TOP OF THE 8TH |
|
New Orleans Zephyrs batting - Pitching for Gwinnett Braves : LHP Eduardo Baez
|
|
Batting: RHB Boof Howell
|
0-0: Ball 1-0: Ball 2-0: Ball 3-0: Called Strike 3-1: Foul Ball, location: 2F 3-2: Fly out, F8 (Flyball, 8RM, EV 78.8 MPH)
|
|
Batting: LHB Jose Bregaro
|
0-0: Ball 1-0: Swinging Strike 1-1: Foul Ball, location: 2F 1-2: Ball 2-2: Ball 3-2: Ground out 6-3 (Groundball, P, EV 93.8 MPH)
|
|
Batting: RHB Torquato Obawole
|
0-0: Swinging Strike 0-1: Foul Ball, location: 2F 0-2: DOUBLE (Line Drive, 7LM, EV 113.8 MPH)
|
|
Pitching: RHP Jeff Miller
|
|
|
Batting: SHB Dan Zink
|
0-0: Swinging Strike 0-1: Ball 1-1: Called Strike 1-2: Foul Ball, location: 2F 1-2: Ball 2-2: Strikes out swinging
|
| Top of the 8th over - 0 runs, 1 hit, 0 errors, 1 left on base; New Orleans 2 - Gwinnett 6 |
| BOTTOM OF THE 8TH |
|
Gwinnett Braves batting - Pitching for New Orleans Zephyrs : LHP Dan Tapley
|
|
Pitching: LHP Patrick Meesters
|
|
|
Batting: SHB Tim Rodgers
|
0-0: Swinging Strike 0-1: Swinging Strike 0-2: Foul Ball, location: 2F 0-2: Ball 1-2: Foul Ball, location: 2F 1-2: Strikes out swinging
|
|
Batting: RHB Johnny Burroughs
|
0-0: Ball 1-0: Ball 2-0: Ball 3-0: Ground out 6-3 (Groundball, 6, EV 92.5 MPH)
|
|
Batting: LHB Robby Dann
|
0-0: Ball 1-0: Ground out 6-3 (Groundball, 6, EV 78.8 MPH)
|
| Bottom of the 8th over - 0 runs, 0 hits, 0 errors, 0 left on base; New Orleans 2 - Gwinnett 6 |
| TOP OF THE 9TH |
|
New Orleans Zephyrs batting - Pitching for Gwinnett Braves : RHP Jeff Miller
|
|
Batting: RHB Jim Fisher
|
0-0: Called Strike 0-1: Foul Ball, location: 2F 0-2: Ball 1-2: Ground out U3 (Groundball, 3, EV 82.5 MPH)
|
|
Batting: LHB David Doge
|
0-0: Ball 1-0: Ground out 2-3 (Groundball, 2L, EV 70.6 MPH)
|
|
Batting: RHB Ryuki Ogasawara
|
0-0: Ground out 4-3 (Groundball, 4M, EV 104.4 MPH)
|
| Top of the 9th over - 0 runs, 0 hits, 0 errors, 0 left on base; New Orleans 2 - Gwinnett 6 |
|